 Dungeon Crawl Stone Soup version 0.30.0-11-gf55b779eaf (webtiles) character file.

Game seed: 7247109366313932887

275 GigaChad the Covered (level 6, -2/54 HPs)
             Began as an Armataur Fighter on May 17, 2023.
             Slain by an orc wizard
             ... wielding a +0 dagger
              (3 damage)
             ... on level 4 of the Dungeon.
             The game lasted 00:02:21 (2046 turns).

GigaChad the Covered (Armataur Fighter)             Turns: 2046, Time: 00:02:22

Health: -2/54      AC:  7    Str: 24    XL:     6   Next: 3%
Magic:  6/6        EV:  7    Int:  8    God:
Gold:   253        SH:  4    Dex:  9    Spells: 5/5 levels left

rFire   . . .        a - +0 war axe (protect)
rCold   . . .        c - +0 buckler
rNeg    . . .        b - +0 scale mail
rPois   .            (no helmet)
rElec   .            (no cloak)
rCorr   .            (no gloves)
SInv    .            (no barding)
Will    .....        (no amulet) Stlth
                     (no ring)
HPRegen 0.29/turn    (no ring)
MPRegen 0.10/turn

%: roll
@: no status effects
A: large, rugged brown scales 3, deformed body, armoured tail, roll, long
tongue, awkward tongue
a: no special abilities


You were on level 4 of the Dungeon.
You visited 1 branch of the dungeon, and saw 4 of its levels.

You collected 253 gold pieces.

Inventory:

Hand Weapons
 a - a +0 war axe of protection (weapon)
Armour
 b - a +0 scale mail (worn)
 c - a +0 buckler (worn)
Wands
 o - a wand of flame (6)
Scrolls
 e - 2 scrolls of silence {unknown}
 g - 3 scrolls of identify
 k - 2 scrolls of fog
 m - 2 scrolls of immolation
 p - a scroll of summoning {unknown}
Potions
 d - 2 potions of might
 f - a potion of degeneration {unknown}
 h - 3 potions of heal wounds
 i - 6 potions of curing {unknown}
 j - a potion of mutation {unknown}
 l - 2 potions of lignification {unknown}
 n - a potion of berserk rage {unknown}


   Skills:
 * Level 3.4 Fighting
 * Level 3.6 Axes
 * Level 5.2 Armour
 * Level 4.1 Shields


You had 5 spell levels left.
You didn't know any spells.
Your spell library contained the following spells:

 Spells                   Type           Power      Damage    Failure   Level
 Manifold Assault         Tloc           0%         N/A       100%        4
 Dispersal                Tloc           0%         N/A       100%        6
 Disjunction              Tloc           0%         N/A       100%        8


Dungeon Overview and Level Annotations

Branches:
Dungeon (4/15)
 Temple: D:4-7

Altars:


Innate Abilities, Weirdness & Mutations

You are completely covered in rugged brown scales. (AC +3, +7% HP)
Armour fits poorly on your strangely shaped body.
You have a long armoured tail.
You roll when moving toward enemies. (Rampage)
Your long tongue fully drains potion bottles. (2x potion effects)
Your tongue gives you trouble enunciating. (1.5x scroll delay)


Message History

Unknown command.
You barely miss something. You miss something.
Something hits you but does no damage.
You hear some strange, mumbled words.
A puff of flame appears from out of thin air!
The puff of flame hits you!
* * * LOW HITPOINT WARNING * * *
The orc wizard gestures wildly while chanting.
The orc wizard flickers and vanishes!
You bump into the rock wall.
You feel less confused. Something hits you but does no damage.
Unknown command.
You barely miss something. x2; You hit the orc wizard.
Your weapon exudes an aura of protection.
You kill the orc wizard!
Something hits you but does no damage. Something completely misses you.
Unknown command.
You miss something. You completely miss something.
You hear some strange, mumbled words.
A puff of flame appears from out of thin air!
The puff of flame hits you but does no damage.
A magic dart appears from out of thin air!
The magic dart hits something!
Reactivating autopickup.
You feel a bit more experienced.
You hear some strange, mumbled words.
A puff of flame appears from out of thin air!
Deactivating autopickup; reactivate with Ctrl-A.
The puff of flame hits you.
* * * LOW HITPOINT WARNING * * *
You have reached level 6!
Something hits you.
* * * LOW HITPOINT WARNING * * *
Something hits you but does no damage.
Things that are here:
a +0 dagger; a +0 robe; a bubbling sapphire potion Unknown command.
You miss something. You barely miss something. Something hits you.
You die...

##......##
#........#
##.......#
#.....>..#
#####.......##
#............#
#..##.........#.
# ##...........
##..@{........
##..).#########
##..###=#
##..#.....#
##..#......#
##..#.....###
##..########
##..## #..##


There were no monsters in sight!

Vanquished Creatures
  Jessica (D:2)
  Ijyb (D:3)
  3 orc wizards
  6 adders
  A worm (D:2)
  3 dart slugs
  9 orcs
  4 endoplasms
  2 giant cockroaches (D:3)
  8 goblins
  3 hobgoblins
  3 quokkas
  7 ball pythons
  9 bats
  3 frilled lizards
  3 kobolds
  A rat (D:1)
67 creatures vanquished.

Vanquished Creatures (others)
  An orc wizard (D:4)
1 creature vanquished.

Grand Total: 68 creatures vanquished

Notes
Turn   | Place    | Note
-------+----------+-------------------------------------------
     0 | D:1      | GigaChad the Armataur Fighter began the quest for the Orb.
     0 | D:1      | Reached XP level 1. HP: 19/19 MP: 1/1
    54 | D:1      | Reached XP level 2. HP: 10/26 MP: 2/2
   227 | D:1      | Reached skill level 4 in Armour
   452 | D:2      | Reached XP level 3. HP: 33/33 MP: 3/3
   455 | D:2      | Noticed Jessica
   471 | D:2      | Killed Jessica
   574 | D:2      | Reached XP level 4. HP: 17/40 MP: 4/4
  1188 | D:3      | Found the +4 Cigotuvi's embrace {Corpsefed rMiasma Drain
                  | rN+}
  1219 | D:3      | Reached XP level 5. HP: 45/48 MP: 5/5
  1332 | D:3      | Noticed Ijyb
  1348 | D:3      | Killed Ijyb
  1349 | D:3      | Reached skill level 5 in Armour
  1542 | D:3      | Found a glowing drain.
  2044 | D:4      | HP: 2/48 [something/puff of flame (4)]
  2045 | D:4      | Reached XP level 6. HP: 2/54 MP: 6/6
  2046 | D:4      | Slain by an orc wizard

Illustrated notes

Levels and vault maps discovered:
D:1:      lightli_arrival_boilingwater, layout_rooms
D:2:      minmay_spotlight, layout_rooms, grunt_decor_cap, uniq_jessica
D:3:      layout_rooms, serial_corexii_hall, corexii_hall_statues_x,
          corexii_hall_statues_l, gup_sewer_entry_glass, due_unseen_surprise,
          uniq_ijyb
D:4:      layout_cave_pods, overflow_temple_1_default, hangedman_decor_push

Skill      XL: |  1  2  3  4  5 |
---------------+----------------+-----
Armour         | 4 5 |  5.2
Fighting       | 3 |  3.4
Axes           | 2 3 |  3.6
Shields        | 4 |  4.1

Action                     |  1- 3 |  4- 6 || total
---------------------------+-------+-------++-------
  Melee: War axe           |    68 |   141 ||   209
         Tailslap          |     5 |    13 ||    18
    Use: Scroll            |       |     5 ||     5
 Armour: Scale mail        |    53 |   114 ||   167
  Dodge: Dodged            |    28 |    48 ||    76
  Block: Buckler           |    22 |    25 ||    47
